 Dungeon Crawl Stone Soup version 0.26-a0-540-g8a0c9464d7 (webtiles) character file.

Game seed: 12313511067609855186

2638 Lanoc the Slasher (level 9, 0/48 HPs)
             Began as a Vine Stalker Berserker on Aug 19, 2020.
             Was an Elder of Trog.
             Slain by a porcupine (1 damage)
             ... on level 8 of the Dungeon.
             The game lasted 00:10:34 (5726 turns).

Lanoc the Slasher (Vine Stalker Berserker)          Turns: 5726, Time: 00:10:35

Health: 0/48       AC:  9    Str: 21    XL:     9   Next: 61%
Magic:  0/10       EV: 12    Int:  7    God:    Trog [****..]
Gold:   352        SH:  0    Dex: 16    Spells: 8/8 levels left

rFire    + + .     SeeInvis .   a - +0 falchion
rCold    x . .     Faith    +   (no shield)
rNeg     . . .     Spirit   +   t - +0 fire dragon scales
rPois    .         Reflect  .   (no helmet)
rElec    .         Harm     .   C - scarf {shadows}
rCorr    .                      (no gloves)
MR       +++..                  (no boots)
Stlth    ..........             q - amulet of faith
HPRegen  1.56/turn              (no ring)
MPRegen  0.12/turn              (no ring)

@: lethally poisoned (0 -> -1), berserk cooldown, regenerating, slowed, very
slow
A: fangs 3, regeneration 1, magic shield, antimagic bite, no potion heal 3, rot
immunity
a: Berserk, Trog's Hand, Brothers in Arms, Renounce Religion


You were on level 8 of the Dungeon.
You worshipped Trog.
Trog was greatly pleased with you.
You visited 2 branches of the dungeon, and saw 9 of its levels.
You also visited: Sewer.

You collected 352 gold pieces.

Inventory:

Hand Weapons
 a - a +0 falchion (weapon)
Armour
 t - +0 fire dragon scales (worn)
 C - a scarf of shadows (worn)
Jewellery
 q - an amulet of faith (around neck)
 x - an uncursed amulet of regeneration {unknown}
Wands
 l - a wand of polymorph (11)
 v - a wand of paralysis (5)
 A - a wand of acid (9)
Scrolls
 b - a scroll of fear {unknown}
 c - 13 scrolls of identify
 d - 5 scrolls of teleportation
 f - 2 scrolls of enchant armour
 m - 2 scrolls of magic mapping
 n - 2 scrolls of enchant weapon {unknown}
 s - 2 scrolls of fog {unknown}
 w - a scroll of brand weapon {unknown}
 y - a scroll of remove curse
 B - a scroll of random uselessness {unknown}
Potions
 e - 4 potions of lignification {unknown}
 g - 4 potions of curing {unknown}
 h - 4 potions of flight
 i - 2 potions of heal wounds {unknown}
 j - 3 potions of degeneration {unknown}
 k - a potion of resistance {unknown}
 o - a potion of magic {unknown}
 p - a potion of ambrosia {unknown}
 r - 3 potions of mutation {unknown}
 u - a potion of haste {unknown}
 z - a potion of brilliance {unknown}
 D - a potion of invisibility {unknown}


   Skills:
 + Level 5.9 Fighting
 * Level 7.9 Long Blades
 + Level 5.0 Armour
 + Level 4.9 Dodging


You had 8 spell levels left.
You didn't know any spells.
Your spell library was empty.

Dungeon Overview and Level Annotations

Branches:
Dungeon (8/15)             Temple (1/1) D:5           Sewer (visited)
   Lair: D:8-11

Altars:
Cheibriados
Dithmenos
Elyvilon
Nemelex Xobeh
Qazlal
Ru


Innate Abilities, Weirdness & Mutations

You have razor-sharp teeth.
Your natural rate of healing is unusually fast.
When hurt, damage is shared between your health and your magic reserves.
Your bite disrupts and absorbs the magic of your enemies.
Potions cannot restore your health.
You are immune to rotting.


Message History

You are exhausted.
You feel yourself slow down.
The black bear bites you but does no damage.
The black bear closely misses you.
The black bear claws you but does no damage.
Your skin crawls.
You feel resistant to hostile enchantments.
You feel sick. The porcupine bites you!
* * * LOW HITPOINT WARNING * * *
The black bear bites you.
* * * LOW HITPOINT WARNING * * *
The black bear claws you but does no damage. x2
You fail to use your ability.
The black bear bites you.
* * * LOW HITPOINT WARNING * * *
The black bear claws you.
* * * LOW HITPOINT WARNING * * *
The black bear misses you.
The porcupine bites you but does no damage.
The porcupine bites you.
You die...

######.....##.##...##.#..
#..........##.##...##.###
#..........##.###.###.#
#.......>.....# #)# #.#
#......#.####.# #.# #.
#....).#......# #.#
###......#####..#####
#?.....#######.....
#.####....@r.......
#P..P..rh†......
#.P....PP.P.....
#....PPPP....####
#...PP...P...#
..P.P.P...P..P..
...PPP.P.PPPP...


..PPPP.P.PPPP.. ..PP$PP..PPP. You could see a black bear and 2 porcupines.

Vanquished Creatures
  Purgy (Sewer)
  An orc warrior (D:7)
  2 ice beasts
  6 ogres
  A crocodile (D:8)
  4 bullfrogs
  5 scorpions
  4 killer bees (D:8)
  A howler monkey (D:7)
  A centaur zombie (D:5)
  2 bullfrog zombies
  2 orc priests
  3 hounds
  2 jellies
  A centaur skeleton (D:4)
  2 iguanas (D:7)
  2 orc wizards
  4 worker ants
  Terence (D:3)
  A killer bee zombie (D:7)
  A hound zombie (D:7)
  Robin (D:3)
  6 gnolls
  A worker ant zombie (D:6)
  13 adders
  2 shadow imps
  2 white imps
  4 oozes
  An adder skeleton (D:4)
  4 worms
  5 dart slugs
  9 leopard geckos
  5 orcs
  9 giant cockroaches
  14 goblins
  8 hobgoblins
  3 jackals (D:1)
  3 kobolds
  A quokka (D:7)
  3 ball pythons
  2 bats (D:1)
  6 frilled lizards
  A giant cockroach zombie (D:5)
  A leopard gecko skeleton (D:5)
  A quokka skeleton (D:4)
  7 rats
159 creatures vanquished.

Vanquished Creatures (others)
  4 fungi (D:8)
  2 plants (D:8)
6 creatures vanquished.

Grand Total: 165 creatures vanquished

Notes
Turn   | Place    | Note
-------+----------+-------------------------------------------
     0 | D:1      | Lanoc the Vine Stalker Berserker began the quest for the
                  | Orb.
     0 | D:1      | Reached XP level 1. HP: 11/11 MP: 2/2
    34 | D:1      | Reached XP level 2. HP: 16/16 MP: 3/3
   138 | D:1      | Reached skill level 3 in Long Blades
   380 | D:2      | Reached XP level 3. HP: 17/19 MP: 2/4
   783 | D:2      | Found a sacrificial altar of Ru.
   970 | D:2      | Reached ** piety under Trog
  1134 | D:2      | Gained mutation: Your natural rate of healing is unusually
                  | fast. [Vine Stalker growth]
  1134 | D:2      | Reached XP level 4. HP: 23/24 MP: 3/5
  1795 | D:3      | Noticed Robin
  1811 | D:3      | Killed Robin
  1811 | D:3      | Reached XP level 5. HP: 16/28 MP: 3/6
  2263 | D:3      | Noticed Terence
  2269 | D:3      | Killed Terence
  2404 | D:4      | Reached skill level 4 in Long Blades
  2439 | D:4      | Noticed an ogre
  2444 | D:4      | Killed an ogre
  2444 | D:4      | Reached XP level 6. HP: 33/33 MP: 7/7
  2532 | D:4      | Reached *** piety under Trog
  2550 | D:4      | Found a glowing drain.
  2573 | Sewer    | Entered a sewer
  2655 | Sewer    | Noticed Purgy
  2667 | Sewer    | Killed Purgy
  2667 | Sewer    | Reached skill level 5 in Long Blades
  2667 | Sewer    | Reached XP level 7. HP: 25/37 MP: 3/8
  3337 | D:5      | Entered Level 5 of the Dungeon
  3353 | D:5      | Found a staircase to the Ecumenical Temple.
  3358 | Temple   | Entered the Ecumenical Temple
  3424 | D:5      | Found a sparkling altar of Nemelex Xobeh.
  3552 | D:5      | Found a white marble altar of Elyvilon.
  3640 | D:5      | Found a shadowy altar of Dithmenos.
  3693 | D:5      | Found a snail-covered altar of Cheibriados.
  4063 | D:6      | Gained mutation: You have razor-sharp teeth. [Vine Stalker
                  | growth]
  4063 | D:6      | Reached XP level 8. HP: 17/42 MP: 5/9
  4254 | D:6      | Reached skill level 6 in Long Blades
  4318 | D:6      | Reached **** piety under Trog
  4743 | D:7      | Reached skill level 5 in Fighting
  4935 | D:7      | Reached skill level 7 in Long Blades
  4935 | D:7      | Reached XP level 9. HP: 29/47 MP: 4/10
  5586 | D:7      | Found a stormy altar of Qazlal.
  5718 | D:8      | Reached skill level 5 in Armour
  5726 | D:8      | HP: 1/48 [black bear (4)]
  5726 | D:8      | Slain by a porcupine

Illustrated notes

Levels and vault maps discovered:
D:1:      lightli_arrival_noodles, layout_loops_ring, minmay_tetromino_i2
D:2:      minmay_skewed_foursquare, layout_loops_ring, nicolae_ru_awakened_eye
D:3:      layout_basic, chequers_serial_rivers_micro_b, uniq_terence, uniq_robin
D:4:      layout_loops_ring, portal_sewer_entry_f, patterned_corridor
D:5:      layout_basic, kennysheep_mini_moat, nemelex_xobeh_ov_fountains_minmay,
          cheibriados_altar_1, minmay_temple_entry_glassed_door,
          elyvilon_altar_1
D:6:      layout_basic
D:7:      cheibrodos_barr_body, layout_basic, lemuel_coloured_pillars_altar,
          item_on_display_a
D:8:      layout_basic, due_lair_maze_entry_diamond, chequers_jeans,
          led_sif_pool
Temple:   eino_temple_scatter_basement

Skill      XL: |  1  2  3  4  5  6  7  8  9 |
---------------+----------------------------+-----
Long Blades    | 3 4 5 7 |  7.9
Fighting       | 3 4 5 |  5.9
Dodging        | 2 3 4 |  4.9
Armour         | 2 3 4 5 |  5.0

Action                   |  1- 3 |  4- 6 |  7- 9 || total
-------------------------+-------+-------+-------++-------
Melee: Falchion          |    67 |   156 |   262 ||   485
       Bite              |    27 |    53 |   124 ||   204
Invok: Berserk           |     2 |     5 |     6 ||    13
       Trog's Hand       |       |       |     2 ||     2
  Use: Scroll            |       |     6 |     1 ||     7
       Potion            |       |       |     1 ||     1
 Stab: Sleeping          |     1 |       |       ||     1
Armor: Animal skin       |    16 |    26 |    10 ||    52
       Fire dragon scale |       |       |    91 ||    91
Dodge: Dodged            |    48 |   122 |   168 ||   338
       Rpst.: Falchion   |    17 |    34 |    52 ||   103

Table legend: (Time is in decaauts)
 A = Elapsed time spent in this place.
 B = Non-inter-level travel time spent in this place.
 C = Inter-level travel time spent in this place.
 D = Time resting spent in this place.
 E = Time spent auto-exploring this place.
 F = Levels seen in this place.
 G = Mean time per level.
                   A        B        C        D        E       F      G
               +--------+--------+--------+--------+--------+-----+--------+
         Total |   5888 |   5779 |    109 |    200 |   4320 |  10 |  588.8 |
       Dungeon |   5631 |   5522 |    109 |    200 |   4186 |   8 |  703.9 |
        Temple |      1 |      1 |      0 |      0 |      0 |   1 |    1.0 |
         Sewer |    254 |    254 |      0 |      0 |    133 |   1 |  254.0 |
               +--------+--------+--------+--------+--------+-----+--------+

Top non-repeatable levels by time:
     D:2: 1303 daAuts
     D:7: 902 daAuts
     D:4: 829 daAuts
     D:3: 822 daAuts
     D:6: 744 daAuts
     D:5: 681 daAuts
     D:1: 258 daAuts
   Sewer: 254 daAuts
     D:8: 90 daAuts
  Temple: 1 daAuts
